[Event "SRB-ch Semifinal 2022"]
[Site "Paracin"]
[Date "2022.03.21"]
[Round "7.3"]
[White "Perunovic, Miodrag"]
[Black "Martic, Ivan"]
[Result "1/2-1/2"]
[ECO "C50"]
[WhiteElo "2413"]
[BlackElo "2287"]
[Annotator "NA"]
[PlyCount "137"]
[EventDate "2022.03.17"]
[EventType "swiss"]
[EventCountry "SRB"]
[SourceTitle "playchess.com"]
[Source "ChessBase"]
[SourceQuality "1"]
[TimeControl "40/5400+30:1800+30"]

1. e4 e5 2. Bc4 Nf6 3. d3 Nc6 4. Nc3 Na5 5. Bb3 Bc5 6. Nf3 d6 7. h3 Nxb3 8. axb3 a6 9. O-O h6 10. Be3 Bxe3 11. fxe3 O-O 12. Qe1 c6 $11 13. Qg3 Nh5 14. Qh2 Nf6 15. Rf2 Qe7 16. Raf1 Bd7 17. Ne2 Rae8 18. g4 d5 19. g5 hxg5 20. Rg2 Nh7 21. Nc3 dxe4 22. Nxe4 f6 23. Qg3 Bc8 24. Nh2 f5 25. Nxg5 f4 26. exf4 exf4 27. Rxf4 Rxf4 28. Qxf4 Qc5+ 29. Qf2 Qxf2+ 30. Kxf2 Nxg5 31. Rxg5 Bxh3 32. Nf3 Re7 33. b4 Bd7 34. Ne5 Be6 35. Ke3 Bd7 36. Kd4 Be8 37. Kc5 Re6 38. Kb6 Re7 39. d4 Kh7 40. Rg2 Kh6 41. Nc4 g5 42. Nd6 Bg6 43. Nxb7 Kh5 44. Nd6 g4 45. Nc4 Be4 46. Rg1 Rg7 47. Ne3 g3 48. c4 Kh4 49. Kxa6 Kh3 50. Re1 Bf3 51. Rf1 Rf7 52. Kb6 g2 53. Nxg2 Kxg2 54. Re1 Kf2 55. Re5 Rd7 56. Kc5 Ra7 57. b5 cxb5 58. cxb5 Rc7+ 59. Kb6 Rc2 60. b4 Rc4 61. d5 Rxb4 62. d6 Rd4 63. Kc5 Rd1 64. b6 Rc1+ 65. Kb5 Rb1+ 66. Ka5 Ra1+ 67. Kb5 Rb1+ 68. Kc5 Rc1+ 69. Kb5 1/2-1/2

[Event "SRB-ch Semifinal 2022"]
[Site "Paracin"]
[Date "2022.03.21"]
[Round "7.5"]
[White "Tadic, Stefan"]
[Black "Kojovic, Dragan"]
[Result "1-0"]
[ECO "B12"]
[WhiteElo "2336"]
[BlackElo "2298"]
[Annotator "NA"]
[PlyCount "65"]
[EventDate "2022.03.17"]
[EventType "swiss"]
[EventCountry "SRB"]
[SourceTitle "playchess.com"]
[Source "ChessBase"]
[SourceQuality "1"]
[TimeControl "40/5400+30:1800+30"]

1. e4 c6 2. d4 d5 3. e5 Bf5 4. h4 h5 5. c4 e6 6. Nc3 Nd7 7. Nge2 Ne7 8. Ng3 Bg6 9. Bg5 Qb6 10. Qd2 (10. Na4 $5 Qa5+ 11. Bd2 $11) 10... Nf5 {[%emt 0:05:55] [#]} (10... dxc4 $11 11. Bxc4 Rd8) 11. Nxf5 $1 Bxf5 12. cxd5 cxd5 13. Rc1 a6 $16 14. Be2 f6 15. exf6 gxf6 16. Bf4 Kf7 17. O-O Qa5 18. Qd1 Bh6 19. Bxh6 Rxh6 20. Bf3 Rhh8 21. g3 Qb4 22. Re1 Qd6 23. Bxh5+ Ke7 24. Qf3 Kd8 25. Bg4 Bxg4 26. Qxg4 Re8 27. Qg6 f5 28. Qg5+ Re7 29. Ne2 Nf8 30. Nf4 Kd7 31. Nd3 b6 32. Ne5+ Ke8 33. Qh5+ 1-0

[Event "SRB-ch Semifinal 2022"]
[Site "Paracin"]
[Date "2022.03.21"]
[Round "7.6"]
[White "Poleksic, Dusan"]
[Black "Milosevic, Milos"]
[Result "1-0"]
[ECO "E24"]
[WhiteElo "2083"]
[BlackElo "2296"]
[Annotator "NA"]
[PlyCount "111"]
[EventDate "2022.03.17"]
[EventType "swiss"]
[EventCountry "SRB"]
[SourceTitle "playchess.com"]
[Source "ChessBase"]
[SourceQuality "1"]
[TimeControl "40/5400+30:1800+30"]

1. d4 Nf6 2. c4 e6 3. Nc3 Bb4 4. f3 c5 5. a3 Bxc3+ 6. bxc3 d6 7. e4 Nc6 8. Be3 Qa5 9. Qd2 O-O 10. d5 Ne5 11. Bg5 Ned7 12. h4 Re8 (12... h6 $142) 13. Ne2 exd5 14. cxd5 $11 c4 15. Nf4 Nxe4 16. fxe4 Nc5 17. Be2 Nxe4 18. Qd4 Ng3 19. Kf2 Nf5 20. Qxc4 Qb6+ 21. Ke1 Ng3 22. Rf1 Bg4 23. Rf2 Ne4 24. Qd4 Qb2 25. Rd1 Nxf2 26. Rd2 Qxa3 27. Kxf2 Bxe2 28. Nxe2 Rac8 29. Rd3 Qa2 30. Re3 Rxe3 31. Bxe3 Re8 32. Kf3 b6 33. Nf4 Re5 34. Qd3 Qa1 35. c4 Qh1 36. Nh3 Re7 37. Bg1 Re1 38. Qd4 Rf1+ 39. Kg3 h6 40. Qe3 Rf6 41. h5 Kf8 42. Qa3 a5 43. Qb2 Kg8 44. Qxb6 a4 45. Qe3 Kh7 46. c5 dxc5 47. Qxc5 g6 48. Qe7 Rf5 49. hxg6+ Kxg6 50. d6 a3 51. d7 a2 52. Qd6+ Kh7 53. Qd4 a1=Q 54. Qxa1 Rd5 55. Qf1 Kg8 56. Qc4 1-0

[Event "SRB-ch Semifinal 2022"]
[Site "Paracin"]
[Date "2022.03.21"]
[Round "7.9"]
[White "Arsovic, Zoran"]
[Black "Milosevic, Aleksandar J"]
[Result "1-0"]
[ECO "B38"]
[WhiteElo "2360"]
[BlackElo "2135"]
[Annotator "NA"]
[PlyCount "151"]
[EventDate "2022.03.17"]
[EventType "swiss"]
[EventCountry "SRB"]
[SourceTitle "playchess.com"]
[Source "ChessBase"]
[SourceQuality "1"]
[TimeControl "40/5400+30:1800+30"]

1. Nf3 c5 2. c4 g6 3. e4 Bg7 4. d4 cxd4 5. Nxd4 Nc6 6. Be3 $1 Nf6 7. Nc3 d6 8. Be2 O-O 9. O-O Bd7 10. Qd2 Nxd4 11. Bxd4 Bc6 12. f3 a5 13. b3 Nd7 14. Be3 Nc5 15. Rac1 Be5 16. Rfd1 e6 17. Bd4 Bxd4+ 18. Qxd4 Qb6 19. Kh1 Rfd8 $14 20. Rb1 e5 21. Qe3 Qb4 22. Qc1 Ne6 23. Bf1 Qb6 24. a3 Kg7 25. Qb2 f6 26. Rd2 Nd4 27. h3 Kf7 28. Rd3 g5 29. Be2 Ne6 30. Qd2 Nc5 31. Qe3 Qa7 32. Rdd1 Ne6 33. Qd2 Qf2 34. Bf1 Qb6 35. Re1 h5 36. Qe3 Qxe3 37. Rxe3 h4 38. Kg1 Nd4 39. Bd3 Ne6 40. Kf2 Nf4 41. Bf1 Ne6 42. Ke1 Nd4 43. Kd2 Ne6 44. Kc2 Nd4+ 45. Kb2 Ne6 46. Rd1 Nf4 47. Rd2 Ke7 48. Re1 Ne6 49. Be2 Nf4 50. Bd1 Rab8 51. Bc2 Ra8 52. Red1 Ne6 53. b4 axb4 54. axb4 Nf4 55. Bb3 Be8 56. Rc1 Bf7 57. Nd1 Rac8 58. Ne3 Be6 59. Rcd1 b6 60. Rc2 Rb8 61. Ba4 Rbc8 62. Bb5 Ra8 63. Rcd2 Ra7 64. Bc6 Rc7 65. b5 Ra7 66. Kb3 Ra5 67. Kb4 Ra7 68. Kb3 Ra5 69. Nc2 Ra7 70. Nb4 Kf7 71. Rxd6 Rxd6 72. Rxd6 Nxg2 73. Bd5 Bxd5 74. Nxd5 Ra1 75. Kb2 Rh1 76. c5 1-0

[Event "SRB-ch Semifinal 2022"]
[Site "Paracin"]
[Date "2022.03.21"]
[Round "7.10"]
[White "Radisavljevic, Dalibor"]
[Black "Zlatanovic, Boroljub"]
[Result "0-1"]
[ECO "C04"]
[WhiteElo "2150"]
[BlackElo "2338"]
[Annotator "NA"]
[PlyCount "90"]
[EventDate "2022.03.17"]
[EventType "swiss"]
[EventCountry "SRB"]
[SourceTitle "playchess.com"]
[Source "ChessBase"]
[SourceQuality "1"]
[TimeControl "40/5400+30:1800+30"]

1. e4 e6 2. d4 d5 3. Nd2 Nc6 4. Ngf3 Nf6 5. e5 Nd7 6. Nb3 a5 7. a4 b6 8. Bb5 Ncb8 9. O-O Ba6 10. Bxa6 Nxa6 11. Bf4 Be7 12. Rc1 c5 13. c4 Nc7 (13... Nb4 $11) 14. Be3 Rc8 (14... dxc4 $11 {feels stronger.} 15. Rxc4 Nd5) 15. dxc5 Nxc5 16. Bxc5 Bxc5 $14 17. Nxc5 bxc5 18. cxd5 Nxd5 19. Qe2 O-O 20. Qb5 Qb6 21. Rc2 c4 22. Qxb6 Nxb6 23. Nd2 Nxa4 24. b3 cxb3 25. Rxc8 Rxc8 26. Nxb3 Nc3 27. Nxa5 Rc5 28. Ra1 g5 29. h3 Rxe5 30. Nc6 Rc5 31. Ra8+ Kg7 32. Nd8 Rc7 33. Rb8 Rd7 34. Nc6 h5 35. Ra8 Rd1+ 36. Kh2 Rd2 37. Ra3 Ne4 38. f3 Nd6 39. Ra7 Nc4 40. Kh1 Rd1+ 41. Kh2 h4 42. Rc7 Ne3 43. g4 hxg3+ 44. Kxg3 Rc1 45. Rc8 Nf5+ 0-1

[Event "SRB-ch Semifinal 2022"]
[Site "Paracin"]
[Date "2022.03.22"]
[Round "8.1"]
[White "Pap, Misa"]
[Black "Radovanovic, Nikola"]
[Result "0-1"]
[ECO "B22"]
[WhiteElo "2372"]
[BlackElo "2413"]
[Annotator "NA"]
[PlyCount "82"]
[EventDate "2022.03.17"]
[EventType "swiss"]
[EventCountry "SRB"]
[SourceTitle "playchess.com"]
[Source "ChessBase"]
[SourceQuality "1"]
[TimeControl "40/5400+30:1800+30"]

1. e4 c5 2. c3 Nf6 3. e5 Nd5 4. Nf3 d6 5. exd6 e6 6. g3 Bxd6 7. Bg2 Nc6 8. O-O O-O 9. d4 cxd4 10. Nxd4 Nxd4 11. Qxd4 Qc7 12. c4 Ne7 (12... Nf6 $11) 13. Nc3 a6 14. Rd1 Nf5 15. Qd3 Be5 $1 16. Rb1 (16. Bg5 $14) 16... Rb8 $14 17. b3 b5 18. Bb2 bxc4 19. bxc4 h5 20. Ba3 Rxb1 21. Nxb1 Re8 22. c5 Bd4 23. Qe2 e5 24. Nd2 Qa5 25. Nc4 Qa4 26. Rc1 Be6 27. Qc2 Qb5 28. Be4 g6 29. Nb6 Qa5 30. Qd3 Rd8 31. Kg2 h4 32. Rc2 Qe1 33. g4 h3+ 34. Kxh3 Kg7 35. gxf5 Qg1 36. Qg3 Rh8+ 37. Kg4 Qd1+ 38. Qf3 Bxf5+ 39. Kg3 Rh3+ 40. Kg2 Rxf3 41. Bxf3 Qxc2 0-1

[Event "SRB-ch Semifinal 2022"]
[Site "Paracin"]
[Date "2022.03.22"]
[Round "8.3"]
[White "Tadic, Stefan"]
[Black "Perunovic, Miodrag"]
[Result "0-1"]
[ECO "C44"]
[WhiteElo "2336"]
[BlackElo "2413"]
[Annotator "NA"]
[PlyCount "56"]
[EventDate "2022.03.17"]
[EventType "swiss"]
[EventCountry "SRB"]
[SourceTitle "playchess.com"]
[Source "ChessBase"]
[SourceQuality "1"]
[TimeControl "40/5400+30:1800+30"]

1. e4 e5 2. Nf3 Nc6 3. g3 Nf6 4. d3 d5 5. exd5 Nxd5 6. Bg2 Bc5 7. O-O O-O 8. c3 a5 9. Nbd2 Re8 10. a4 Bf5 11. Ne4 Be7 12. Qb3 Ra6 $11 (12... Nb6 $142) 13. Bg5 Rb6 14. Qc2 f6 15. Be3 Nxe3 16. fxe3 Be6 17. d4 Bc4 18. Rf2 Bf8 19. Nfd2 Bf7 20. Nc5 Qc8 21. Be4 g6 22. Bd3 Bh6 23. Nce4 Bxe3 24. Nxf6+ Kg7 25. Nxe8+ Qxe8 26. Ne4 exd4 27. Kg2 Bb3 28. Qe2 Bd5 0-1

[Event "SRB-ch Semifinal 2022"]
[Site "Paracin"]
[Date "2022.03.22"]
[Round "8.4"]
[White "Djordjevic, Vuk"]
[Black "Poleksic, Dusan"]
[Result "1-0"]
[ECO "A45"]
[WhiteElo "2382"]
[BlackElo "2083"]
[Annotator "NA"]
[PlyCount "91"]
[EventDate "2022.03.17"]
[EventType "swiss"]
[EventCountry "SRB"]
[SourceTitle "playchess.com"]
[Source "ChessBase"]
[SourceQuality "1"]
[TimeControl "40/5400+30:1800+30"]

1. d4 c5 2. d5 Nf6 3. Bg5 Ne4 4. Bf4 Qb6 5. Bc1 g6 6. f3 Nf6 7. Nh3 d6 8. Nf2 $1 Bg7 9. c4 O-O 10. e4 e6 11. Nc3 exd5 12. cxd5 Nbd7 13. Be2 a6 14. O-O Qc7 15. a4 c4 16. Qd4 $14 Ne5 17. Be3 Nfd7 18. Qd1 Nc5 19. f4 Ned3 20. Nxd3 cxd3 21. Bxd3 Nxd3 22. Qxd3 f5 23. Bd4 fxe4 24. Qxe4 Bf5 25. Qe3 Rae8 26. Qd2 Bxd4+ 27. Qxd4 Qe7 28. Rad1 Bg4 29. Rd2 Qe3+ 30. Qxe3 Rxe3 31. Rd4 Rfe8 32. Rb4 R8e7 33. Rb6 Rd7 34. Kf2 Re8 35. h3 Bf5 36. g4 Bd3 37. Rd1 Be4 38. Re1 Rde7 39. Rxd6 Bc2 40. Rxe7 Rxe7 41. Rb6 Bd3 42. d6 Rd7 43. Ke3 Bf1 44. Ne4 Kh8 45. Nc5 Rd8 46. Nxb7 1-0

[Event "SRB-ch Semifinal 2022"]
[Site "Paracin"]
[Date "2022.03.22"]
[Round "8.5"]
[White "Todorovic, Goran M"]
[Black "Ratkovic, Milovan"]
[Result "1-0"]
[ECO "B13"]
[WhiteElo "2336"]
[BlackElo "2440"]
[Annotator "NA"]
[PlyCount "95"]
[EventDate "2022.03.17"]
[EventType "swiss"]
[EventCountry "SRB"]
[SourceTitle "playchess.com"]
[Source "ChessBase"]
[SourceQuality "1"]
[TimeControl "40/5400+30:1800+30"]

1. e4 c6 2. d4 d5 3. exd5 cxd5 4. Bd3 Nc6 5. c3 Nf6 6. Bf4 Bg4 7. Qb3 Qc8 8. Nd2 e6 9. Ngf3 Bh5 10. Ne5 Nxe5 11. Bxe5 Bg6 12. Bb5+ Nd7 13. O-O a6 14. Bxd7+ Qxd7 15. c4 f6 16. Bg3 Be7 17. cxd5 exd5 18. Rac1 O-O (18... Rc8 $1 $14) 19. Rc7 $16 Qe6 20. Rxb7 Rfe8 21. h3 Bf8 22. Nb1 Rad8 23. Nc3 Bd3 24. Rd1 Bc4 25. Qa4 Qf5 26. b3 Bd3 27. Qa5 Bc2 28. Rc1 Bd3 29. Na4 h5 30. Nc5 Be2 31. Qc7 Kh8 32. Nd7 Be7 33. Re1 Qd3 34. Qf4 g5 35. Qc1 Rc8 36. Nc5 Qxd4 37. Rxe2 Qxc5 38. Qe1 h4 39. Bxh4 gxh4 40. Rbxe7 Rxe7 41. Rxe7 Qa3 42. Qe3 Rc1+ 43. Kh2 Qd6+ 44. g3 hxg3+ 45. Kg2 Kg8 46. Ra7 Rc8 47. Qh6 Rc7 48. Qg6+ 1-0

[Event "SRB-ch Semifinal 2022"]
[Site "Paracin"]
[Date "2022.03.22"]
[Round "8.6"]
[White "Stankovic, Milos"]
[Black "Gajcin, Marina"]
[Result "1/2-1/2"]
[ECO "B30"]
[WhiteElo "2412"]
[BlackElo "2254"]
[Annotator "NA"]
[PlyCount "140"]
[EventDate "2022.03.17"]
[EventType "swiss"]
[EventCountry "SRB"]
[SourceTitle "playchess.com"]
[Source "ChessBase"]
[SourceQuality "1"]
[TimeControl "40/5400+30:1800+30"]

1. e4 c5 2. Nc3 Nc6 3. Bb5 Nd4 4. Nf3 e6 5. O-O a6 6. Bd3 Nxf3+ 7. Qxf3 d6 8. Re1 Ne7 9. b3 Nc6 10. Bb2 Be7 11. Ne2 e5 12. Bc4 O-O 13. c3 $11 Be6 14. Bxe6 fxe6 15. Qh3 Qd7 16. d4 exd4 17. cxd4 cxd4 18. Nxd4 Bf6 19. Rad1 Nxd4 20. Bxd4 Bxd4 21. Rxd4 Rac8 22. Qd3 Rc6 23. Rd1 Qf7 24. Qg3 d5 25. exd5 exd5 26. h3 Rc2 27. R1d2 Rxd2 28. Rxd2 Rd8 29. Qe5 Qd7 30. Rd4 Qd6 31. Qf5 Qc6 32. g3 Qc1+ 33. Kg2 Qc6 34. h4 Qd7 35. Qf3 Qf7 36. Qc3 Qd7 37. Qc5 Qd6 38. Qa5 Rd7 39. Qc3 Rd8 40. a4 b6 41. Qd3 a5 42. Qe3 Qc6 43. Qe7 Qf6 44. Qe3 Qc6 45. h5 h6 46. Qd3 Re8 47. Qf5 Rd8 48. Qe5 Qd6 49. Qe3 Qc6 50. Qd2 Re8 51. Qf4 Re4 52. Rxe4 dxe4 53. Qe3 Qe6 54. Kg1 Qg4 55. Kg2 Qe6 56. Qc3 Qg4 57. Qc4+ Kh7 58. Qf7 Qe2 59. Kh3 Qf1+ 60. Kh2 Qe2 61. Kg2 Qg4 62. Qd5 Qf3+ 63. Kg1 Qg4 64. Kf1 Qf3 65. Kg1 Qg4 66. Kg2 Qf3+ 67. Kf1 Qh1+ 68. Ke2 Qf3+ 69. Kf1 Qh1+ 70. Ke2 Qf3+ 1/2-1/2

[Event "SRB-ch Semifinal 2022"]
[Site "Paracin"]
[Date "2022.03.22"]
[Round "8.7"]
[White "Zlatanovic, Boroljub"]
[Black "Arsovic, Zoran"]
[Result "1-0"]
[ECO "A38"]
[WhiteElo "2338"]
[BlackElo "2360"]
[Annotator "ChessBase"]
[PlyCount "57"]
[EventDate "2022.03.17"]
[EventType "swiss"]
[EventCountry "SRB"]
[SourceTitle "playchess.com"]
[Source "ChessBase"]
[SourceQuality "1"]
[TimeControl "40/5400+30:1800+30"]

1. c4 Nf6 2. g3 c5 3. Bg2 Nc6 4. Nc3 g6 5. Nf3 d6 6. d3 Bg7 7. O-O O-O 8. a3 Qd7 9. Rb1 b6 10. b4 Bb7 11. Bf4 Rac8 12. Qd2 Nd4 13. e4 Nxf3+ 14. Bxf3 Ng4 15. Bxg4 Qxg4 16. Bh6 f5 17. Bxg7 Kxg7 18. f3 Qh5 19. bxc5 dxc5 20. Nd5 fxe4 21. Qb2+ e5 22. g4 Qg5 23. h4 Qxh4 24. Qxe5+ Kh6 25. Rb2 Rce8 26. Qc7 Rxf3 27. Rh2 Rh3 28. Rxh3 Qxh3 29. g5+ 1-0

[Event "SRB-ch Semifinal 2022"]
[Site "Paracin"]
[Date "2022.03.22"]
[Round "8.8"]
[White "Blagojevic, Tijana"]
[Black "Zajic, Milan"]
[Result "1-0"]
[ECO "B31"]
[WhiteElo "2260"]
[BlackElo "2450"]
[Annotator "ChessBase"]
[PlyCount "69"]
[EventDate "2022.03.17"]
[EventType "swiss"]
[EventCountry "SRB"]
[SourceTitle "playchess.com"]
[Source "ChessBase"]
[SourceQuality "1"]
[TimeControl "40/5400+30:1800+30"]

1. e4 c5 2. Nf3 Nc6 3. Bb5 g6 4. O-O Bg7 5. c3 Nf6 6. Re1 O-O 7. d4 d5 8. e5 Ne4 9. Be3 Qb6 10. Bxc6 bxc6 11. Qc1 c4 12. Re2 f6 13. b3 cxb3 14. exf6 exf6 15. Rb2 g5 16. Rxb3 Qc7 17. Nbd2 h6 18. c4 Qf7 19. cxd5 cxd5 20. Rab1 Re8 21. Nf1 h5 22. h4 g4 23. Ne1 Ba6 24. Qa3 Re6 25. Nd3 Rae8 26. Nf4 Bf8 27. Qa5 Rd6 28. Rb8 Rxb8 29. Rxb8 Bc4 30. a4 Rd7 31. Qb4 Nd6 32. Ng3 Rb7 33. Qxd6 Rb1+ 34. Kh2 Rb6 35. Qd8 1-0

[Event "SRB-ch Semifinal 2022"]
[Site "Paracin"]
[Date "2022.03.22"]
[Round "8.9"]
[White "Kojovic, Dragan"]
[Black "Zivkovic, Nemanja"]
[Result "0-1"]
[ECO "B92"]
[WhiteElo "2298"]
[BlackElo "2380"]
[Annotator "NA"]
[PlyCount "114"]
[EventDate "2022.03.17"]
[EventType "swiss"]
[EventCountry "SRB"]
[SourceTitle "playchess.com"]
[Source "ChessBase"]
[SourceQuality "1"]
[TimeControl "40/5400+30:1800+30"]

1. e4 c5 2. Nf3 d6 3. d4 cxd4 4. Nxd4 Nf6 5. Nc3 a6 6. Be2 e5 7. Nb3 Be7 8. Be3 Be6 9. g4 (9. Qd3 $142) 9... d5 10. exd5 Nxd5 11. Nxd5 Bxd5 12. O-O Nc6 $11 13. c4 Be6 14. Nc5 Bxc5 15. Bxc5 Qg5 16. Kh1 e4 17. b4 Rd8 18. Qc2 f5 19. f4 Qh4 20. Rad1 Kf7 21. b5 Ne7 22. Bb6 Rxd1 23. Bxd1 Rc8 24. Qg2 Bxc4 25. Rg1 Bd5 26. gxf5 Nxf5 27. Bb3 Bxb3 28. axb3 Qe7 29. bxa6 bxa6 30. Re1 Re8 31. Rc1 Kg8 32. Rc5 Qf6 33. Qe2 e3 34. Bc7 Qd4 35. Re5 Rxe5 36. Bxe5 Qe4+ 37. Kg1 Qb1+ 38. Kg2 Qxb3 39. Qxa6 Qd5+ 40. Kg1 Qd1+ 41. Kg2 Qg4+ 42. Kf1 h6 43. Qa2+ Kh7 44. Qe2 Qh3+ 45. Kg1 Qh4 46. Kg2 Qd8 47. Kf1 Qd5 48. Kg1 Qe4 49. Qe1 Qd3 50. Bc3 Qe4 51. Be5 Qf3 52. Qf1 Qg4+ 53. Kh1 Kh8 54. Qc4 Kh7 55. Qd3 Kg6 56. Qa6+ Kh5 57. Qb5 Qd1+ 0-1

[Event "SRB-ch Semifinal 2022"]
[Site "Paracin"]
[Date "2022.03.22"]
[Round "8.10"]
[White "Velikic, Adela"]
[Black "Todorovic, Nenad I"]
[Result "1-0"]
[ECO "B51"]
[WhiteElo "2258"]
[BlackElo "2311"]
[Annotator "NA"]
[PlyCount "71"]
[EventDate "2022.03.17"]
[EventType "swiss"]
[EventCountry "SRB"]
[SourceTitle "playchess.com"]
[Source "ChessBase"]
[SourceQuality "1"]
[TimeControl "40/5400+30:1800+30"]

1. e4 c5 2. Nf3 d6 3. Bb5+ Nc6 4. O-O Bd7 5. Re1 Nf6 6. c3 a6 7. Bf1 Bg4 8. d4 cxd4 9. cxd4 e5 10. d5 Nd4 11. Be3 Bxf3 12. gxf3 Nd7 13. Nd2 (13. f4 $14) 13... Qh4 (13... Rc8 $1 $11 {remains equal.}) 14. Nb3 ({White should try} 14. f4 $16) 14... Be7 $14 15. Nxd4 exd4 16. Qxd4 Bf6 17. Qd2 g5 18. Bg2 Be5 19. h3 Rg8 20. Kf1 Nf6 21. Rac1 Nh5 22. Rc7 Nf4 23. Qc2 Nxg2 24. Kxg2 h5 25. Rh1 Kf8 26. Rxb7 Kg7 27. Qc7 Kh8 28. Qd7 Rg6 29. Kf1 g4 30. fxg4 hxg4 31. Qf5 g3 32. Rg1 Rag8 33. Rxf7 g2+ 34. Ke2 Bxb2 35. f3 Bf6 36. Rxf6 1-0

[Event "SRB-ch Semifinal 2022"]
[Site "Paracin"]
[Date "2022.03.22"]
[Round "8.12"]
[White "Dimitrijevic, Andjela"]
[Black "Manakova, Maria"]
[Result "0-1"]
[ECO "B23"]
[WhiteElo "1875"]
[BlackElo "2257"]
[Annotator "NA"]
[PlyCount "68"]
[EventDate "2022.03.17"]
[EventType "swiss"]
[EventCountry "SRB"]
[SourceTitle "playchess.com"]
[Source "ChessBase"]
[SourceQuality "1"]
[TimeControl "40/5400+30:1800+30"]

1. e4 c5 2. Nc3 Nc6 3. Bb5 Nd4 4. Nf3 a6 5. Bd3 Nc6 6. O-O d6 7. a3 g6 8. Rb1 Bg7 9. b4 cxb4 10. axb4 Nf6 11. b5 axb5 12. Bxb5 O-O 13. Re1 $11 e5 14. d4 Nxd4 15. Nxd4 exd4 16. Na4 Bd7 17. Qxd4 Ng4 18. Qb4 Bxb5 19. Qxb5 Qh4 20. Bb2 Qxf2+ 21. Kh1 Qf4 22. Kg1 Qxh2+ 23. Kf1 Qh1+ 24. Ke2 Qxg2+ 25. Kd1 Nf2+ 26. Ke2 Nxe4+ 27. Ke3 Rfe8 28. Kd3 Qd2+ 29. Kc4 Rec8+ 30. Kb3 Qxc2+ 31. Ka3 Nc5 32. Bxg7 Rxa4+ 33. Qxa4 Qxa4+ 34. Kb2 Nd3# 0-1

[Event "SRB-ch Semifinal 2022"]
[Site "Paracin"]
[Date "2022.03.22"]
[Round "8.13"]
[White "Drljevic, Ljilja"]
[Black "Bojicic, Andjela"]
[Result "1-0"]
[ECO "B08"]
[WhiteElo "2217"]
[BlackElo "2152"]
[Annotator "NA"]
[PlyCount "127"]
[EventDate "2022.03.17"]
[EventType "swiss"]
[EventCountry "SRB"]
[SourceTitle "playchess.com"]
[Source "ChessBase"]
[SourceQuality "1"]
[TimeControl "40/5400+30:1800+30"]

1. e4 g6 2. d4 Bg7 3. Nc3 d6 4. Nf3 Nf6 5. Bg5 O-O 6. Qd2 c6 7. Bh6 b5 8. Bd3 (8. Bxg7 $14 Kxg7 9. a3) 8... Bg4 9. h4 Bxf3 $14 10. gxf3 e5 11. Ne2 Nh5 12. Bg5 Qe8 13. c3 Nd7 14. O-O-O Nb6 15. Rdg1 Qe6 16. Kb1 a5 17. Bh6 b4 18. cxb4 axb4 19. b3 c5 20. d5 Qe7 21. Rg4 c4 22. bxc4 Bxh6 23. Qxh6 Qa7 24. Nc1 b3 25. axb3 Nf4 26. Rxf4 exf4 27. h5 Qa1+ 28. Kc2 Ra2+ 29. Nxa2 Qxh1 30. Qxf4 Ra8 31. Kb2 Qe1 32. Qe3 Qa5 33. Nc1 Nd7 34. f4 Nc5 35. Bb1 Qb4 36. Kc2 Rb8 37. Qc3 Qb6 38. h6 Kf8 39. Qg7+ Ke7 40. e5 Ne4 41. exd6+ Nxd6 42. Qe5+ Kd7 43. Qe3 Nxc4 44. bxc4 Qxb1+ 45. Kd1 Qa1 46. c5 Qa4+ 47. Kd2 Qa5+ 48. Qc3 Rb2+ 49. Kd3 Qb5+ 50. Ke3 Rb4 51. c6+ Kc7 52. Qe5+ Kb6 53. Nd3 Rc4 54. Qb8+ Ka6 55. Qa8+ Kb6 56. Qb7+ Ka5 57. Qxb5+ Kxb5 58. Ne5 Rc5 59. d6 Rxc6 60. Nxf7 Rc3+ 61. Ke4 Rc4+ 62. Kd5 Rc5+ 63. Ke6 Kc6 64. d7 1-0

[Event "SRB-ch Semifinal 2022"]
[Site "Paracin"]
[Date "2022.03.22"]
[Round "8.14"]
[White "Jurisic, Iskra"]
[Black "Srdanovic, Jovana"]
[Result "0-1"]
[ECO "D46"]
[WhiteElo "1827"]
[BlackElo "2194"]
[Annotator "NA"]
[PlyCount "112"]
[EventDate "2022.03.17"]
[EventType "swiss"]
[EventCountry "SRB"]
[SourceTitle "playchess.com"]
[Source "ChessBase"]
[SourceQuality "1"]
[TimeControl "40/5400+30:1800+30"]

1. d4 d5 2. c4 c6 3. Nc3 Nf6 4. Nf3 e6 5. e3 Nbd7 6. Qc2 Bd6 7. Bd3 dxc4 8. Bxc4 b5 9. Be2 Bb7 10. O-O (10. e4 $14 {deserves consideration.} e5 11. dxe5 Nxe5 12. Nh4) 10... O-O 11. Rd1 Qc7 12. Bd2 a6 13. b4 e5 14. h3 Rfe8 15. Ng5 $15 (15. Rac1 $11 {should be considered.}) 15... h6 16. Nge4 Bf8 17. Bf3 Qb6 18. Nc5 Nxc5 19. dxc5 Qc7 20. Ne4 Nd5 21. Be1 Rad8 22. a3 Qc8 23. Nd6 Bxd6 24. cxd6 Nf6 25. Bc3 Qe6 26. g4 Rxd6 27. Rxd6 Qxd6 28. Rd1 Qe6 29. Qf5 Qe7 30. g5 hxg5 31. Qxg5 Nd5 32. Qxe7 Rxe7 33. Bxd5 cxd5 34. Kh2 f6 35. Bb2 Kf7 36. Kg3 Ke6 37. f4 Kf5 38. fxe5 fxe5 39. Kf2 Ke4 40. Ke2 Bc8 41. Rh1 Rc7 42. Kd2 Rf7 43. Rh2 Rf3 44. h4 Bh3 45. Ba1 Bf1 46. h5 Bh3 47. Bb2 Rg3 48. Bc3 Rg2+ 49. Rxg2 Bxg2 50. Ke2 Bf3+ 51. Kf2 Bxh5 52. Bb2 g5 53. Kg3 Kxe3 54. Bxe5 d4 55. Bf6 d3 56. Bxg5+ Ke2 0-1

[Event "SRB-ch Semifinal 2022"]
[Site "Paracin"]
[Date "2022.03.22"]
[Round "8.15"]
[White "Grozdanovic, Anastasia"]
[Black "Ostojic, Katarina"]
[Result "1-0"]
[ECO "A87"]
[WhiteElo "2005"]
[BlackElo "2066"]
[Annotator "NA"]
[PlyCount "53"]
[EventDate "2022.03.17"]
[EventType "swiss"]
[EventCountry "SRB"]
[SourceTitle "playchess.com"]
[Source "ChessBase"]
[SourceQuality "1"]
[TimeControl "40/5400+30:1800+30"]

1. d4 f5 2. Nf3 d6 3. g3 Nf6 4. Bg2 g6 5. O-O Bg7 6. c4 O-O 7. Nc3 Qe8 8. Re1 Qf7 9. d5 Ne4 10. Ng5 Nxc3 11. bxc3 Qf6 12. e4 h6 $14 13. Nf3 Qxc3 14. Rb1 fxe4 15. Bb2 Qa5 16. Bxg7 Kxg7 17. Qd4+ Kg8 18. Rxe4 Rf7 19. Rbe1 Bf5 20. Rxe7 Nd7 21. Rxf7 Kxf7 22. g4 Ne5 23. Nxe5+ dxe5 24. Rxe5 Bb1 25. Qf4+ Kg8 26. Re7 Rf8 27. Qxh6 1-0